Blues vs Flyers
(R1)
Created - June 3, 2019 at 19:38
Goals
|
| Blues |
1 |
2 |
2 |
5 |
| Flyers |
1 |
2 |
0 |
3 |
|
Shots
|
| Blues |
8 |
9 |
14 |
31 |
| Flyers |
16 |
13 |
6 |
35 |
|
1st period
1. Flyers , Kyle Wellwood 7 (Mats Zuccarello 8, J.T. Miller 11) at 4:26 (PP)
2. Blues , Jordan Eberle 13 (Nicklas Backstrom 20, Carey Price) at 17:12 (PP)
Penalties :
Matt Smaby (Phi) for Holding Stick (Minor) at 1:00, Yann Sauvé (STL) for Hooking (Minor) at 4:08, Jaromir Jagr (Phi) for Hooking (Minor) at 15:22, Jamie Benn (STL) for Kneeing (Minor) at 17:39
2nd period
3. Blues , Nicklas Backstrom 8 (Jamie Benn 2, Matthew Spiller 3) at 1:57
4. Blues , Jordan Eberle 14 (Nicklas Backstrom 21, David Perron 7) at 7:12
5. Flyers , Jeff Carter 7 (Jakub Voracek 18) at 8:05 (PP)
6. Flyers , Matthew Lombardi 4 (Chris Mcallister 5) at 15:04
Penalties :
Jamie Benn (STL) for Hooking (Minor) at 3:47, Yann Sauvé (STL) for Interference (Minor) at 8:01
3rd period
7. Blues , Nicklas Backstrom 9 (Alex Pietrangelo 21, Jordan Eberle 9) at 4:53 (PP)
8. Blues , Alex Pietrangelo 4 (Patrick Kaleta 7, Bryce Lampman 7) at 19:22 (SH) (Empty Net)
Penalties :
Mats Zuccarello (Phi) for Interference (Minor) at 3:59, Jamie Benn (STL) for Roughing (Minor) at 7:25, Sam Gagner (STL) for Holding (Minor) at 12:17, Sergei Shirokov (STL) for Roughing (Minor) at 18:16, Travis Zajac (STL) for Hooking (Minor) at 18:35
Goalie Stats
Carey Price (STL), 32 saves from 35 shots - (0.914), W, 10-2-0, 60:00 minutes
Steve Mason (Phi), 26 saves from 30 shots - (0.867), L, 9-4-0, 59:08 minutes
Players Stats for Blues
Player Name G A P +/- PIM S H SB GA TA FO MP PP MP PK MP
------------------------------------------------------------------------------------
Alex Pietrangelo 1 1 2 1 0 3 0 2 1 0 0/0 26:17 2:47 6:18
Bryce Lampman 0 1 1 0 0 0 2 1 0 1 0/0 26:17 1:56 6:41
Cody Ceci 0 0 0 2 0 1 0 1 0 1 0/0 11:59 0:00 1:19
David Perron 0 1 1 0 0 0 3 0 0 0 0/1 16:23 2:28 1:08
Filip Forsberg 0 0 0 0 0 3 1 0 0 0 0/0 12:11 1:52 0:00
Jake Gardiner 0 0 0 0 0 0 3 1 0 0 0/0 24:32 2:47 2:52
Jamie Benn 0 1 1 1 6 0 1 0 0 1 0/2 16:35 0:00 0:27
Jordan Eberle 2 1 3 1 0 5 2 0 0 1 0/2 23:54 2:50 4:53
Matt Halischuk 0 0 0 0 0 0 1 0 0 0 0/0 6:29 0:30 0:00
Matthew Spiller 0 1 1 2 0 0 3 2 0 0 0/0 12:40 1:56 0:00
Maxim Lapierre 0 0 0 0 0 1 1 0 0 0 1/3 8:56 0:00 3:20
Nicklas Backstrom 2 2 4 1 0 8 0 0 2 0 12/27 19:10 2:50 0:14
Patrick Kaleta 0 1 1 1 0 1 3 1 0 0 0/0 14:04 0:17 3:05
Sam Gagner 0 0 0 0 2 3 2 0 0 0 5/10 13:08 1:52 0:38
Sergei Shirokov 0 0 0 0 2 0 2 0 1 0 0/0 14:10 1:29 0:00
Ted Purcell 0 0 0 0 0 1 0 0 0 0 0/0 5:36 0:00 0:00
Travis Zajac 0 0 0 0 2 0 0 0 2 0 10/19 17:53 0:01 4:52
Yann Sauvé 0 0 0 -1 4 5 1 2 0 1 0/0 18:13 0:00 2:52
Players Stats for Flyers
Player Name G A P +/- PIM S H SB GA TA FO MP PP MP PK MP
------------------------------------------------------------------------------------
Brian McGrattan 0 0 0 1 0 0 0 0 0 0 0/0 5:37 0:00 0:00
Chris Mcallister 0 1 1 1 0 1 0 0 0 0 0/0 8:04 0:00 2:27
Drew Miller 0 0 0 -2 0 7 2 1 1 0 2/2 20:54 4:55 0:26
J.T. Miller 0 1 1 -1 0 2 0 0 0 0 0/0 20:25 5:06 1:50
Jakub Voracek 0 1 1 -2 0 5 0 1 2 1 1/2 20:04 4:55 0:00
Jaromir Jagr 0 0 0 0 2 1 1 0 0 0 0/1 10:36 0:00 0:00
Jeff Carter 1 0 1 -2 0 4 3 0 0 1 19/32 20:04 4:55 0:00
Jeff Woywitka 0 0 0 0 0 0 1 1 0 0 0/0 23:45 5:04 2:02
Jonathan Ericsson 0 0 0 -1 0 2 0 1 0 0 0/0 21:40 4:57 2:41
Kyle Wellwood 1 0 1 -1 0 3 2 0 0 1 10/18 20:30 5:06 1:55
Loui Eriksson 0 0 0 0 0 0 0 1 0 0 0/0 10:37 0:00 0:00
Marcus Kruger 0 0 0 0 0 1 0 0 1 0 2/5 11:11 0:00 0:26
Mats Zuccarello 0 1 1 -1 2 3 0 0 1 0 0/0 18:34 5:06 0:00
Matt Smaby 0 0 0 0 2 0 1 0 0 0 0/0 14:12 2:36 0:00
Matthew Lombardi 1 0 1 1 0 2 0 0 0 0 2/4 8:23 0:00 2:22
Nathan Beaulieu 0 0 0 -1 0 0 0 0 0 0 0/0 17:50 2:28 0:00
Oliver Ekman-Larsson 0 0 0 -1 0 4 1 1 0 3 0/0 25:11 4:57 2:41
Steve McCarthy 0 0 0 -1 0 0 1 1 0 0 0/0 17:37 0:00 2:02
3 Stars
1 - Nicklas Backstrom (STL)
2 - Jordan Eberle (STL)
3 - Alex Pietrangelo (STL)
Power Play
Blues - 2 on 3 Attempt(s) - 66.67%
Flyers - 2 on 8 Attempt(s) - 25.00%
Penalty Kill
Blues - 6 on 8 Attempt(s) - 75.00%
- Score 1 goal in Penalty Kill
Flyers - 1 on 3 Attempt(s) - 33.33%
- Score 0 goal in Penalty Kill
Team Stat
Blues - Hits : 25 - Faceoff Wins : 28 - Blocked Shots : 10 - Penalty Minutes : 16
Flyers - Hits : 12 - Faceoff Wins : 36 - Blocked Shots : 7 - Penalty Minutes : 6
Official
Referees : Unknown
Linesman : Unknown
Game Notes
Matt Smaby is injured at 7:53 of 3rd period (Strained Back)
Alex Pietrangelo has scored in a empty net!
Finance
Level 1 -- Attendance: 6000 (100.00%) -- Ticket Income $750,000
Level 2 -- Attendance: 5000 (100.00%) -- Ticket Income $375,000
Level 3 -- Attendance: 2000 (100.00%) -- Ticket Income $100,000
Level 4 -- Attendance: 4000 (100.00%) -- Ticket Income $160,000
Luxury Box -- Attendance: 950 (95.00%) -- Ticket Income $237,500
Game was played at the Wells Fargo Center.
Total Attendance: 17950 (99.72%)
Total Ticket Income: $1,622,500
Other Income: $243,375
Total Income: $1,865,875
Blues
5 vs 5 Forward
Center Left Wing Right Wing Time % Phy DF OF
1 Nicklas Backstrom Jamie Benn Jordan Eberle 40 1 2 2
2 Travis Zajac David Perron Sergei Shirokov 30 1 2 2
3 Sam Gagner Filip Forsberg Patrick Kaleta 20 1 2 2
4 Maxim Lapierre Ted Purcell Matt Halischuk 10 1 2 2
5 vs 5 Defense
Defense Defense Time % Phy DF OF
1 Alex Pietrangelo Jake Gardiner 40 1 2 2
2 Bryce Lampman Yann Sauvé 30 1 2 2
3 Matthew Spiller Cody Ceci 20 1 2 2
4 Jake Gardiner Bryce Lampman 10 1 2 2
PowerPlay Forward
Center Left Wing Right Wing Time % Phy DF OF
1 Nicklas Backstrom David Perron Jordan Eberle 60 1 2 2
2 Sam Gagner Filip Forsberg Sergei Shirokov 40 1 2 2
PowerPlay Defense
Defense Defense Time % Phy DF OF
1 Alex Pietrangelo Jake Gardiner 60 1 2 2
2 Matthew Spiller Bryce Lampman 40 1 2 2
Penalty Kill 4 Players Forward
Center Wing Time % Phy DF OF
1 Travis Zajac Jordan Eberle 60 1 2 2
2 Maxim Lapierre Patrick Kaleta 40 1 2 2
Penalty Kill 4 Players Defense
Defense Defense Time % Phy DF OF
1 Alex Pietrangelo Bryce Lampman 60 1 2 2
2 Jake Gardiner Yann Sauvé 40 1 2 2
Penalty Kill - 3 Players Forward
Forward Time % Phy DF OF
1 Maxim Lapierre 60 1 2 2
2 Travis Zajac 40 1 2 2
Penalty Kill - 3 Players Defense
Defense Defense Time % Phy DF OF
1 Alex Pietrangelo Bryce Lampman 60 1 2 2
2 Jake Gardiner Yann Sauvé 40 1 2 2
4 vs 4 Forward
Center Wing Time % Phy DF OF
1 Nicklas Backstrom David Perron 60 1 2 2
2 Travis Zajac Jordan Eberle 40 1 2 2
4 vs 4 Defense
Defense Defense Time % Phy DF OF
1 Alex Pietrangelo Bryce Lampman 60 1 2 2
2 Jake Gardiner Yann Sauvé 40 1 2 2
Last Minutes Offensive
Center Left Wing Right Wing Defense Defense
Nicklas Backstrom David Perron Jordan Eberle Alex Pietrangelo Jake Gardiner
Last Minutes Defensive
Center Left Wing Right Wing Defense Defense
Travis Zajac Ted Purcell Jordan Eberle Yann Sauvé Bryce Lampman
Goaltenders
Starting : Carey Price
Backup : Ray Emery
Extra Forwards
Normal : Sam Gagner, Matt Halischuk, Patrick Kaleta - PP : Travis Zajac, Matt Halischuk - PK : Patrick Kaleta
Extra Defensemen
Normal : Matthew Spiller, Cody Ceci, Jake Gardiner - PP : Matthew Spiller - PK : Cody Ceci, Jake Gardiner
Penalty Shots
David Perron, Ted Purcell, Jordan Eberle, Nicklas Backstrom, Jamie Benn
Scratches
Brandon Yip (Healthy), Nick Leddy (Broken Bone (Left Arm) Injury)
Flyers
5 vs 5 Forward
Center Left Wing Right Wing Time % Phy DF OF
1 Jeff Carter Drew Miller Jakub Voracek 40 1 1 3
2 Kyle Wellwood J.T. Miller Mats Zuccarello 30 0 1 4
3 Marcus Kruger Loui Eriksson Jaromir Jagr 20 0 2 3
4 Matthew Lombardi Chris Mcallister Brian McGrattan 10 1 3 1
5 vs 5 Defense
Defense Defense Time % Phy DF OF
1 Oliver Ekman-Larsson Jonathan Ericsson 30 1 3 1
2 Jeff Woywitka Matt Smaby 30 1 3 1
3 Steve McCarthy Nathan Beaulieu 30 1 3 1
4 Oliver Ekman-Larsson Jeff Woywitka 10 1 3 1
PowerPlay Forward
Center Left Wing Right Wing Time % Phy DF OF
1 Jeff Carter Drew Miller Jakub Voracek 50 0 0 5
2 Kyle Wellwood J.T. Miller Mats Zuccarello 50 0 0 5
PowerPlay Defense
Defense Defense Time % Phy DF OF
1 Oliver Ekman-Larsson Jonathan Ericsson 50 0 1 4
2 Matt Smaby Jeff Woywitka 50 0 1 4
Penalty Kill 4 Players Forward
Center Wing Time % Phy DF OF
1 Matthew Lombardi Chris Mcallister 50 0 4 1
2 Kyle Wellwood J.T. Miller 50 0 4 1
Penalty Kill 4 Players Defense
Defense Defense Time % Phy DF OF
1 Oliver Ekman-Larsson Jonathan Ericsson 50 1 4 0
2 Jeff Woywitka Steve McCarthy 50 1 4 0
Penalty Kill - 3 Players Forward
Forward Time % Phy DF OF
1 Matthew Lombardi 50 0 4 1
2 Kyle Wellwood 50 0 4 1
Penalty Kill - 3 Players Defense
Defense Defense Time % Phy DF OF
1 Oliver Ekman-Larsson Jonathan Ericsson 50 1 4 0
2 Jeff Woywitka Steve McCarthy 50 1 4 0
4 vs 4 Forward
Center Wing Time % Phy DF OF
1 Jeff Carter Jakub Voracek 50 0 2 3
2 Kyle Wellwood J.T. Miller 50 0 2 3
4 vs 4 Defense
Defense Defense Time % Phy DF OF
1 Jonathan Ericsson Oliver Ekman-Larsson 50 1 3 1
2 Matt Smaby Jeff Woywitka 50 1 3 1
Last Minutes Offensive
Center Left Wing Right Wing Defense Defense
Jeff Carter Drew Miller Jakub Voracek Oliver Ekman-Larsson Jeff Woywitka
Last Minutes Defensive
Center Left Wing Right Wing Defense Defense
Kyle Wellwood Chris Mcallister Brian McGrattan Oliver Ekman-Larsson Jeff Woywitka
Goaltenders
Starting : Steve Mason
Backup : Cory Schneider
Extra Forwards
Normal : Jeff Carter, Kyle Wellwood, Drew Miller - PP : Jeff Carter, Kyle Wellwood - PK : Matthew Lombardi
Extra Defensemen
Normal : Oliver Ekman-Larsson, Jeff Woywitka, Matt Smaby - PP : Jeff Woywitka - PK : Oliver Ekman-Larsson, Jeff Woywitka
Penalty Shots
Jeff Carter, Loui Eriksson, Jaromir Jagr, Kyle Wellwood, J.T. Miller
Scratches
Brian Lashoff (Healthy)
% Time on Ice - Blues
Lines # - Real PCT - Wanted PCT - Time Play
Normal Forward
1 - 37% - 40% - 16:39
2 - 28% - 30% - 12:42
3 - 23% - 20% - 10:19
4 - 12% - 10% - 5:36
Normal Defense
1 - 38% - 40% - 17:12
2 - 34% - 30% - 15:27
3 - 24% - 20% - 10:40
4 - 4% - 10% - 1:57
PP Forward
1 - 60% - 60% - 2:51
2 - 40% - 40% - 1:52
PP Defense
1 - 59% - 60% - 2:47
2 - 41% - 40% - 1:56
PK Forward
1 - 75% - 60% - 6:28
2 - 25% - 40% - 2:09
PK Defense
1 - 67% - 60% - 5:45
2 - 33% - 40% - 2:52
PK3 Forward
1 - 100% - 60% - 1:24
2 - 0% - 40% - 0:00
PK3 Defense
1 - 100% - 60% - 1:24
2 - 0% - 40% - 0:00
44 Forward
1 - 0% - 60%
2 - 0% - 40%
44 Defense
1 - 0% - 60%
2 - 0% - 40%
Last Minute Offensive - 0:00
Last Minute Defensive - 0:00
Total
Forward - 60:00
Defense - 60:00
|
% Time on Ice - Flyers
Lines # - Real PCT - Wanted PCT - Time Play
Normal Forward
1 - 34% - 40% - 15:33
2 - 30% - 30% - 13:29
3 - 23% - 20% - 10:37
4 - 12% - 10% - 5:37
Normal Defense
1 - 28% - 30% - 12:45
2 - 34% - 30% - 15:20
3 - 33% - 30% - 15:06
4 - 5% - 10% - 2:05
PP Forward
1 - 49% - 50% - 4:55
2 - 51% - 50% - 5:06
PP Defense
1 - 49% - 50% - 4:57
2 - 51% - 50% - 5:04
PK Forward
1 - 50% - 50% - 2:22
2 - 50% - 50% - 2:21
PK Defense
1 - 57% - 50% - 2:41
2 - 43% - 50% - 2:02
PK3 Forward
1 - 0% - 50%
2 - 0% - 50%
PK3 Defense
1 - 0% - 50%
2 - 0% - 50%
44 Forward
1 - 0% - 50%
2 - 0% - 50%
44 Defense
1 - 0% - 50%
2 - 0% - 50%
Last Minute Offensive - 0:00
Last Minute Defensive - 0:00
Total
Forward - 60:00
Defense - 60:00
|
Play-by-Play
1st period
0:01 of 1st period - Nicklas Backstrom wins face-off versus Jeff Carter in neutral zone.
0:06 of 1st period - Snap shot by Nicklas Backstrom.
0:06 of 1st period - Stopped by Steve Mason without a rebound.
0:07 of 1st period - Jeff Carter wins face-off versus Nicklas Backstrom in Flyers zone.
0:18 of 1st period - Wrist shot by Jeff Carter.
0:18 of 1st period - Stopped by Carey Price with a rebound.
0:20 of 1st period - Snap shot by Drew Miller.
0:20 of 1st period - Shot Blocked by Alex Pietrangelo.
0:22 of 1st period - Snap shot by Jakub Voracek.
0:22 of 1st period - Shot Blocked by Alex Pietrangelo.
0:24 of 1st period - Slapshot by Jonathan Ericsson.
0:24 of 1st period - Shot Misses the Net.
0:26 of 1st period - Slapshot by Oliver Ekman-Larsson.
0:26 of 1st period - Deflect By Nicklas Backstrom.
0:26 of 1st period - Stopped by Carey Price with a rebound.
0:34 of 1st period - Snap shot by Drew Miller.
0:34 of 1st period - Stopped by Carey Price with a rebound.
0:36 of 1st period - Snap shot by Jonathan Ericsson.
0:36 of 1st period - Stopped by Carey Price without a rebound.
0:37 of 1st period - Travis Zajac wins face-off versus Kyle Wellwood in Blues zone.
1:00 of 1st period - Minor Penalty to Matt Smaby for Holding Stick.
1:01 of 1st period - Nicklas Backstrom wins face-off versus Matthew Lombardi in Flyers zone.
1:02 of 1st period - Slapshot by Alex Pietrangelo.
1:02 of 1st period - Shot Blocked by Oliver Ekman-Larsson.
1:04 of 1st period - Slapshot by Jordan Eberle.
1:04 of 1st period - Shot Misses the Net.
3:00 of 1st period - Penalty to Matt Smaby is over, Matt Smaby is back on ice.
3:02 of 1st period - Matthew Lombardi is hit by Matthew Spiller and loses puck.
3:31 of 1st period - Matthew Spiller is hit by Jaromir Jagr and loses puck.
3:54 of 1st period - Jordan Eberle is hit by Jeff Carter.
4:02 of 1st period - Slapshot by Jeff Carter.
4:02 of 1st period - Deflect By Drew Miller.
4:02 of 1st period - Stopped by Carey Price with a rebound.
4:08 of 1st period - Minor Penalty to Yann Sauvé for Hooking.
4:09 of 1st period - Travis Zajac wins face-off versus Kyle Wellwood in Blues zone.
4:26 of 1st period - Snap shot by Kyle Wellwood.
4:26 of 1st period - Goal by Kyle Wellwood - Blues : 0 - Flyers : 1.
4:27 of 1st period - Sam Gagner wins face-off versus Kyle Wellwood in neutral zone.
4:40 of 1st period - Steve McCarthy is hit by Sam Gagner and loses puck.
5:00 of 1st period - Snap shot by David Perron.
5:00 of 1st period - Shot Misses the Net.
5:02 of 1st period - Snap shot by Alex Pietrangelo.
5:02 of 1st period - Shot Blocked by Drew Miller.
5:26 of 1st period - Snap shot by Jaromir Jagr.
5:26 of 1st period - Shot Misses the Net.
7:46 of 1st period - Drew Miller is hit by Sergei Shirokov and loses puck.
8:07 of 1st period - Marcus Kruger is hit by Matthew Spiller and loses puck.
8:21 of 1st period - Wrist shot by Jordan Eberle.
8:21 of 1st period - Stopped by Steve Mason with a rebound.
8:35 of 1st period - Slapshot by Sam Gagner.
8:35 of 1st period - Deflect By Patrick Kaleta.
8:35 of 1st period - Stopped by Steve Mason with a rebound.
8:37 of 1st period - Slapshot by Yann Sauvé.
8:37 of 1st period - Stopped by Steve Mason without a rebound.
8:38 of 1st period - Sam Gagner wins face-off versus Jeff Carter in Flyers zone.
8:57 of 1st period - Patrick Kaleta is hit by Jeff Carter and loses puck.
9:46 of 1st period - Jeff Woywitka is hit by Sergei Shirokov and loses puck.
10:29 of 1st period - Snap shot by Sam Gagner.
10:29 of 1st period - Stopped by Steve Mason without a rebound.
10:30 of 1st period - Nicklas Backstrom wins face-off versus Jeff Carter in Flyers zone.
11:51 of 1st period - Slapshot by Mats Zuccarello.
11:51 of 1st period - Stopped by Carey Price with a rebound.
11:53 of 1st period - Snap shot by Steve McCarthy.
11:53 of 1st period - Shot Misses the Net.
11:55 of 1st period - Slapshot by Kyle Wellwood.
11:55 of 1st period - Deflect By J.T. Miller.
11:55 of 1st period - Stopped by Carey Price with a rebound.
13:19 of 1st period - Snap shot by David Perron.
13:19 of 1st period - Shot Misses the Net.
13:51 of 1st period - Backhand shot by J.T. Miller.
13:51 of 1st period - Stopped by Carey Price without a rebound.
13:52 of 1st period - Jeff Carter wins face-off versus Nicklas Backstrom in Blues zone.
13:55 of 1st period - Wrist shot by Drew Miller.
13:55 of 1st period - Shot Misses the Net.
14:07 of 1st period - Wrist shot by Nicklas Backstrom.
14:07 of 1st period - Shot Misses the Net.
14:09 of 1st period - Snap shot by Nicklas Backstrom.
14:09 of 1st period - Stopped by Steve Mason without a rebound.
14:10 of 1st period - Marcus Kruger wins face-off versus Sam Gagner in Flyers zone.
14:23 of 1st period - Wrist shot by Jaromir Jagr.
14:23 of 1st period - Stopped by Carey Price without a rebound.
14:24 of 1st period - Drew Miller wins face-off versus Nicklas Backstrom in Blues zone.
14:27 of 1st period - Wrist shot by Drew Miller.
14:27 of 1st period - Stopped by Carey Price with a rebound.
14:33 of 1st period - Backhand shot by Drew Miller.
14:33 of 1st period - Stopped by Carey Price without a rebound.
14:34 of 1st period - Drew Miller wins face-off versus Jordan Eberle in Blues zone.
15:09 of 1st period - Slapshot by Nicklas Backstrom.
15:09 of 1st period - Stopped by Steve Mason without a rebound.
15:10 of 1st period - Sam Gagner wins face-off versus Marcus Kruger in Flyers zone.
15:22 of 1st period - Minor Penalty to Jaromir Jagr for Hooking.
15:23 of 1st period - Matthew Lombardi wins face-off versus Nicklas Backstrom in Flyers zone.
17:02 of 1st period - Icing by Jordan Eberle.
17:03 of 1st period - Kyle Wellwood wins face-off versus Nicklas Backstrom in Blues zone.
17:12 of 1st period - Snap shot by Jordan Eberle.
17:12 of 1st period - Goal by Jordan Eberle - Blues : 1 - Flyers : 1.
17:13 of 1st period - Jeff Carter wins face-off versus Sam Gagner in neutral zone.
17:30 of 1st period - Slapshot by Jakub Voracek.
17:30 of 1st period - Stopped by Carey Price without a rebound.
17:31 of 1st period - Marcus Kruger wins face-off versus Nicklas Backstrom in Blues zone.
17:39 of 1st period - Minor Penalty to Jamie Benn for Kneeing.
17:40 of 1st period - Jeff Carter wins face-off versus Travis Zajac in Blues zone.
17:42 of 1st period - Snap shot by Jeff Carter.
17:42 of 1st period - Stopped by Carey Price with a rebound.
17:44 of 1st period - Backhand shot by Jonathan Ericsson.
17:44 of 1st period - Stopped by Carey Price without a rebound.
17:45 of 1st period - Travis Zajac wins face-off versus Jeff Carter in Blues zone.
18:21 of 1st period - Slapshot by Oliver Ekman-Larsson.
18:21 of 1st period - Stopped by Carey Price with a rebound.
19:39 of 1st period - Penalty to Jamie Benn is over, Jamie Benn is back on ice.
Goals for this period are 1 for Blues vs 1 for Flyers.
Shots for this period are 8 for Blues vs 16 for Flyers.
2nd period
0:01 of 2nd period - Jeff Carter wins face-off versus Nicklas Backstrom in neutral zone.
0:27 of 2nd period - Jonathan Ericsson is hit by Filip Forsberg.
1:18 of 2nd period - Snap shot by Maxim Lapierre.
1:18 of 2nd period - Stopped by Steve Mason without a rebound.
1:19 of 2nd period - Jeff Carter wins face-off versus Maxim Lapierre in Flyers zone.
1:19 of 2nd period - Jeff Carter is hit by Matthew Spiller.
1:35 of 2nd period - Snap shot by Jeff Carter.
1:35 of 2nd period - Shot Blocked by Matthew Spiller.
1:57 of 2nd period - Snap shot by Nicklas Backstrom.
1:57 of 2nd period - Goal by Nicklas Backstrom - Blues : 2 - Flyers : 1.
1:58 of 2nd period - Jeff Carter wins face-off versus Nicklas Backstrom in neutral zone.
2:25 of 2nd period - Marcus Kruger is hit by Patrick Kaleta and loses puck.
2:34 of 2nd period - Backhand shot by Marcus Kruger.
2:34 of 2nd period - Stopped by Carey Price with a rebound.
3:00 of 2nd period - Oliver Ekman-Larsson is hit by Jake Gardiner and loses puck.
3:47 of 2nd period - Minor Penalty to Jamie Benn for Hooking.
3:48 of 2nd period - Kyle Wellwood wins face-off versus Travis Zajac in Blues zone.
3:49 of 2nd period - Snap shot by Mats Zuccarello.
3:49 of 2nd period - Stopped by Carey Price without a rebound.
3:50 of 2nd period - Kyle Wellwood wins face-off versus Travis Zajac in Blues zone.
4:25 of 2nd period - Slapshot by Matt Smaby.
4:25 of 2nd period - Shot Misses the Net.
4:55 of 2nd period - Yann Sauvé is hit by Drew Miller and loses puck.
5:47 of 2nd period - Penalty to Jamie Benn is over, Jamie Benn is back on ice.
6:17 of 2nd period - Snap shot by Alex Pietrangelo.
6:17 of 2nd period - Stopped by Steve Mason without a rebound.
6:18 of 2nd period - Matthew Lombardi wins face-off versus Sam Gagner in Flyers zone.
6:33 of 2nd period - Snap shot by Matthew Lombardi.
6:33 of 2nd period - Shot Blocked by Cody Ceci.
6:43 of 2nd period - Loui Eriksson is hit by David Perron and loses puck.
7:12 of 2nd period - Slapshot by Jordan Eberle.
7:12 of 2nd period - Goal by Jordan Eberle - Blues : 3 - Flyers : 1.
7:13 of 2nd period - Jeff Carter wins face-off versus Nicklas Backstrom in neutral zone.
7:23 of 2nd period - Off-side.
7:24 of 2nd period - Jeff Carter wins face-off versus Nicklas Backstrom in neutral zone.
7:38 of 2nd period - Snap shot by Jordan Eberle.
7:38 of 2nd period - Deflect By Nicklas Backstrom.
7:38 of 2nd period - Shot Misses the Net.
7:38 of 2nd period - Puck is out of play.
7:39 of 2nd period - Jeff Carter wins face-off versus Nicklas Backstrom in Flyers zone.
7:39 of 2nd period - Jeff Carter is hit by Jordan Eberle.
7:53 of 2nd period - Slapshot by Jeff Carter.
7:53 of 2nd period - Shot Misses the Net.
7:55 of 2nd period - Slapshot by Jakub Voracek.
7:55 of 2nd period - Shot Blocked by Yann Sauvé.
8:01 of 2nd period - Minor Penalty to Yann Sauvé for Interference.
8:02 of 2nd period - Jakub Voracek wins face-off versus Travis Zajac in Blues zone.
8:05 of 2nd period - Wrist shot by Jeff Carter.
8:05 of 2nd period - Goal by Jeff Carter - Blues : 3 - Flyers : 2.
8:06 of 2nd period - Jeff Carter wins face-off versus Jordan Eberle in neutral zone.
8:15 of 2nd period - Wrist shot by Jeff Carter.
8:15 of 2nd period - Stopped by Carey Price with a rebound.
8:17 of 2nd period - Snap shot by Jakub Voracek.
8:17 of 2nd period - Deflect By Drew Miller.
8:17 of 2nd period - Stopped by Carey Price without a rebound.
8:18 of 2nd period - Jeff Carter wins face-off versus Nicklas Backstrom in Blues zone.
8:21 of 2nd period - Snap shot by Drew Miller.
8:21 of 2nd period - Shot Misses the Net.
8:23 of 2nd period - Slapshot by Drew Miller.
8:23 of 2nd period - Shot Blocked by Jake Gardiner.
8:25 of 2nd period - Slapshot by Jakub Voracek.
8:25 of 2nd period - Deflect By Drew Miller.
8:25 of 2nd period - Shot Misses the Net.
8:25 of 2nd period - Puck is out of play.
8:26 of 2nd period - Jeff Carter wins face-off versus Nicklas Backstrom in Blues zone.
8:27 of 2nd period - Wrist shot by Jakub Voracek.
8:27 of 2nd period - Stopped by Carey Price without a rebound.
8:28 of 2nd period - Jeff Carter wins face-off versus Jamie Benn in Blues zone.
8:53 of 2nd period - Snap shot by Drew Miller.
8:53 of 2nd period - Stopped by Carey Price without a rebound.
8:54 of 2nd period - Kyle Wellwood wins face-off versus Travis Zajac in Blues zone.
9:28 of 2nd period - Snap shot by Patrick Kaleta.
9:28 of 2nd period - Deflect By Filip Forsberg.
9:28 of 2nd period - Stopped by Steve Mason without a rebound.
9:29 of 2nd period - Nicklas Backstrom wins face-off versus Jeff Carter in Flyers zone.
9:40 of 2nd period - Snap shot by Jeff Carter.
9:40 of 2nd period - Shot Misses the Net.
9:56 of 2nd period - Jeff Woywitka is hit by Jake Gardiner and loses puck.
10:19 of 2nd period - Snap shot by Marcus Kruger.
10:19 of 2nd period - Deflect By Patrick Kaleta.
10:19 of 2nd period - Shot Misses the Net.
10:19 of 2nd period - Puck is out of play.
10:20 of 2nd period - Sam Gagner wins face-off versus Marcus Kruger in Blues zone.
10:55 of 2nd period - Wrist shot by Jakub Voracek.
10:55 of 2nd period - Stopped by Carey Price without a rebound.
10:56 of 2nd period - Travis Zajac wins face-off versus Kyle Wellwood in Blues zone.
11:42 of 2nd period - Steve McCarthy is hit by Jake Gardiner and loses puck.
11:49 of 2nd period - Snap shot by Chris Mcallister.
11:49 of 2nd period - Stopped by Carey Price without a rebound.
11:50 of 2nd period - Nicklas Backstrom wins face-off versus Matthew Lombardi in Blues zone.
12:10 of 2nd period - Backhand shot by Matthew Lombardi.
12:10 of 2nd period - Stopped by Carey Price with a rebound.
12:58 of 2nd period - Off-side.
12:59 of 2nd period - Jeff Carter wins face-off versus Travis Zajac in neutral zone.
13:14 of 2nd period - Snap shot by Drew Miller.
13:14 of 2nd period - Shot Blocked by Bryce Lampman.
13:26 of 2nd period - Filip Forsberg is hit by Kyle Wellwood and loses puck.
13:33 of 2nd period - Slapshot by Yann Sauvé.
13:33 of 2nd period - Stopped by Steve Mason with a rebound.
13:35 of 2nd period - Slapshot by Yann Sauvé.
13:35 of 2nd period - Stopped by Steve Mason with a rebound.
14:41 of 2nd period - Marcus Kruger is hit by Maxim Lapierre and loses puck.
15:04 of 2nd period - Slapshot by Matthew Lombardi.
15:04 of 2nd period - Goal by Matthew Lombardi - Blues : 3 - Flyers : 3.
15:05 of 2nd period - Jeff Carter wins face-off versus Nicklas Backstrom in neutral zone.
15:16 of 2nd period - Snap shot by Jeff Carter.
15:16 of 2nd period - Shot Misses the Net.
15:18 of 2nd period - Snap shot by Jakub Voracek.
15:18 of 2nd period - Deflect By Jamie Benn.
15:18 of 2nd period - Stopped by Carey Price without a rebound.
15:19 of 2nd period - Nicklas Backstrom wins face-off versus Jeff Carter in Blues zone.
15:56 of 2nd period - Kyle Wellwood is hit by Bryce Lampman and loses puck.
16:29 of 2nd period - Snap shot by Ted Purcell.
16:29 of 2nd period - Shot Blocked by Steve McCarthy.
16:31 of 2nd period - Slapshot by Yann Sauvé.
16:31 of 2nd period - Stopped by Steve Mason with a rebound.
17:18 of 2nd period - Wrist shot by Kyle Wellwood.
17:18 of 2nd period - Stopped by Carey Price without a rebound.
17:19 of 2nd period - Travis Zajac wins face-off versus Jeff Carter in Blues zone.
17:19 of 2nd period - Travis Zajac is hit by Jeff Carter.
17:46 of 2nd period - Nicklas Backstrom is hit by Matt Smaby and loses puck.
17:59 of 2nd period - Wrist shot by J.T. Miller.
17:59 of 2nd period - Shot Blocked by Matthew Spiller.
19:34 of 2nd period - J.T. Miller is hit by Jamie Benn and loses puck.
19:55 of 2nd period - Wrist shot by Sam Gagner.
19:55 of 2nd period - Stopped by Steve Mason without a rebound.
19:56 of 2nd period - Travis Zajac wins face-off versus Jeff Carter in Flyers zone.
Goals for this period are 2 for Blues vs 2 for Flyers.
Shots for this period are 9 for Blues vs 13 for Flyers.
3rd period
0:01 of 3rd period - Jeff Carter wins face-off versus Jamie Benn in neutral zone.
0:26 of 3rd period - Jake Gardiner is hit by Kyle Wellwood.
0:32 of 3rd period - Wrist shot by J.T. Miller.
0:32 of 3rd period - Shot Misses the Net.
0:52 of 3rd period - Filip Forsberg is hit by Jeff Woywitka and loses puck.
2:51 of 3rd period - Snap shot by Nicklas Backstrom.
2:51 of 3rd period - Stopped by Steve Mason without a rebound.
2:52 of 3rd period - Nicklas Backstrom wins face-off versus Kyle Wellwood in Flyers zone.
3:11 of 3rd period - Oliver Ekman-Larsson is hit by Yann Sauvé.
3:40 of 3rd period - Snap shot by Nicklas Backstrom.
3:40 of 3rd period - Shot Misses the Net.
3:42 of 3rd period - Snap shot by Jamie Benn.
3:42 of 3rd period - Shot Misses the Net.
3:54 of 3rd period - Wrist shot by Jordan Eberle.
3:54 of 3rd period - Shot Blocked by Jakub Voracek.
3:56 of 3rd period - Snap shot by Yann Sauvé.
3:56 of 3rd period - Stopped by Steve Mason without a rebound.
3:57 of 3rd period - Kyle Wellwood wins face-off versus Travis Zajac in Flyers zone.
3:59 of 3rd period - Minor Penalty to Mats Zuccarello for Interference.
4:00 of 3rd period - Kyle Wellwood wins face-off versus Sam Gagner in Flyers zone.
4:08 of 3rd period - Snap shot by Alex Pietrangelo.
4:08 of 3rd period - Shot Misses the Net.
4:10 of 3rd period - Slapshot by Filip Forsberg.
4:10 of 3rd period - Stopped by Steve Mason with a rebound.
4:12 of 3rd period - Wrist shot by Sam Gagner.
4:12 of 3rd period - Stopped by Steve Mason with a rebound.
4:14 of 3rd period - Snap shot by Sergei Shirokov.
4:14 of 3rd period - Deflect By Steve McCarthy.
4:14 of 3rd period - Shot Misses the Net.
4:14 of 3rd period - Puck is out of play.
4:15 of 3rd period - Nicklas Backstrom wins face-off versus Kyle Wellwood in Flyers zone.
4:24 of 3rd period - Wrist shot by Jordan Eberle.
4:24 of 3rd period - Stopped by Steve Mason without a rebound.
4:25 of 3rd period - Kyle Wellwood wins face-off versus Nicklas Backstrom in Flyers zone.
4:25 of 3rd period - Kyle Wellwood is hit by David Perron.
4:49 of 3rd period - Snap shot by Jordan Eberle.
4:49 of 3rd period - Shot Misses the Net.
4:53 of 3rd period - Backhand shot by Nicklas Backstrom.
4:53 of 3rd period - Goal by Nicklas Backstrom - Blues : 4 - Flyers : 3.
4:54 of 3rd period - Nicklas Backstrom wins face-off versus Jeff Carter in neutral zone.
5:41 of 3rd period - Icing by Travis Zajac.
5:42 of 3rd period - Sam Gagner wins face-off versus Marcus Kruger in Blues zone.
5:49 of 3rd period - Wrist shot by Patrick Kaleta.
5:49 of 3rd period - Shot Blocked by Loui Eriksson.
5:57 of 3rd period - Snap shot by Patrick Kaleta.
5:57 of 3rd period - Shot Misses the Net.
6:15 of 3rd period - Wrist shot by Mats Zuccarello.
6:15 of 3rd period - Shot Misses the Net.
6:27 of 3rd period - Kyle Wellwood is hit by Sam Gagner and loses puck.
7:08 of 3rd period - Wrist shot by Sam Gagner.
7:08 of 3rd period - Shot Misses the Net.
7:14 of 3rd period - Wrist shot by Nathan Beaulieu.
7:14 of 3rd period - Shot Blocked by Yann Sauvé.
7:16 of 3rd period - Snap shot by Nathan Beaulieu.
7:16 of 3rd period - Deflect By Mats Zuccarello.
7:16 of 3rd period - Stopped by Carey Price with a rebound.
7:18 of 3rd period - Slapshot by Nathan Beaulieu.
7:18 of 3rd period - Shot Blocked by Patrick Kaleta.
7:20 of 3rd period - Wrist shot by Mats Zuccarello.
7:20 of 3rd period - Shot Misses the Net.
7:22 of 3rd period - Snap shot by Kyle Wellwood.
7:22 of 3rd period - Stopped by Carey Price without a rebound.
7:23 of 3rd period - Nicklas Backstrom wins face-off versus Jeff Carter in Blues zone.
7:25 of 3rd period - Minor Penalty to Jamie Benn for Roughing.
7:26 of 3rd period - Travis Zajac wins face-off versus Jeff Carter in Blues zone.
7:52 of 3rd period - Matt Smaby is hit by Jordan Eberle and loses puck.
7:53 of 3rd period - Matt Smaby from Flyers is injured at 7:53 of 3rd period (Strained Back).
7:54 of 3rd period - Travis Zajac wins face-off versus Kyle Wellwood in Flyers zone.
8:03 of 3rd period - Wrist shot by Jonathan Ericsson.
8:03 of 3rd period - Shot Misses the Net.
9:00 of 3rd period - Snap shot by Oliver Ekman-Larsson.
9:00 of 3rd period - Stopped by Carey Price without a rebound.
9:01 of 3rd period - Kyle Wellwood wins face-off versus David Perron in Blues zone.
9:25 of 3rd period - Penalty to Jamie Benn is over, Jamie Benn is back on ice.
9:36 of 3rd period - Wrist shot by Alex Pietrangelo.
9:36 of 3rd period - Stopped by Steve Mason without a rebound.
9:37 of 3rd period - Nicklas Backstrom wins face-off versus Jaromir Jagr in Flyers zone.
9:50 of 3rd period - Snap shot by Nicklas Backstrom.
9:50 of 3rd period - Stopped by Steve Mason with a rebound.
9:52 of 3rd period - Slapshot by Cody Ceci.
9:52 of 3rd period - Shot Blocked by Jeff Woywitka.
9:54 of 3rd period - Slapshot by Cody Ceci.
9:54 of 3rd period - Stopped by Steve Mason without a rebound.
9:55 of 3rd period - Travis Zajac wins face-off versus Jakub Voracek in Flyers zone.
9:58 of 3rd period - Slapshot by Alex Pietrangelo.
9:58 of 3rd period - Shot Misses the Net.
10:46 of 3rd period - Snap shot by Patrick Kaleta.
10:46 of 3rd period - Shot Hit the Post.
10:48 of 3rd period - Slapshot by Cody Ceci.
10:48 of 3rd period - Shot Blocked by Jonathan Ericsson.
10:50 of 3rd period - Wrist shot by Filip Forsberg.
10:50 of 3rd period - Stopped by Steve Mason without a rebound.
10:51 of 3rd period - Nicklas Backstrom wins face-off versus Jeff Carter in Flyers zone.
11:04 of 3rd period - Wrist shot by Jordan Eberle.
11:04 of 3rd period - Shot Misses the Net.
11:06 of 3rd period - Snap shot by Jordan Eberle.
11:06 of 3rd period - Stopped by Steve Mason without a rebound.
11:07 of 3rd period - Kyle Wellwood wins face-off versus Travis Zajac in Flyers zone.
11:22 of 3rd period - Slapshot by Travis Zajac.
11:22 of 3rd period - Shot Misses the Net.
11:42 of 3rd period - Wrist shot by Nicklas Backstrom.
11:42 of 3rd period - Stopped by Steve Mason with a rebound.
12:02 of 3rd period - Matthew Spiller is hit by Steve McCarthy and loses puck.
12:17 of 3rd period - Minor Penalty to Sam Gagner for Holding.
12:18 of 3rd period - Kyle Wellwood wins face-off versus Travis Zajac in Blues zone.
13:34 of 3rd period - Slapshot by Patrick Kaleta.
13:34 of 3rd period - Shot Misses the Net.
14:10 of 3rd period - Kyle Wellwood is hit by Patrick Kaleta and loses puck.
14:17 of 3rd period - Penalty to Sam Gagner is over, Sam Gagner is back on ice.
14:33 of 3rd period - Snap shot by Ted Purcell.
14:33 of 3rd period - Stopped by Steve Mason with a rebound.
14:35 of 3rd period - Slapshot by Matt Halischuk.
14:35 of 3rd period - Shot Misses the Net.
14:45 of 3rd period - Filip Forsberg is hit by Oliver Ekman-Larsson and loses puck.
14:52 of 3rd period - Brian McGrattan is hit by Patrick Kaleta and loses puck.
15:22 of 3rd period - Kyle Wellwood is hit by David Perron and loses puck.
15:39 of 3rd period - Wrist shot by Brian McGrattan.
15:39 of 3rd period - Shot Misses the Net.
16:30 of 3rd period - Off-side.
16:31 of 3rd period - Jeff Carter wins face-off versus Sam Gagner in neutral zone.
16:34 of 3rd period - Sam Gagner is hit by Drew Miller and loses puck.
17:18 of 3rd period - Oliver Ekman-Larsson is hit by Matt Halischuk and loses puck.
18:00 of 3rd period - Jakub Voracek is hit by Bryce Lampman.
18:16 of 3rd period - Minor Penalty to Sergei Shirokov for Roughing.
18:17 of 3rd period - Travis Zajac wins face-off versus Kyle Wellwood in Blues zone.
18:30 of 3rd period - Flyers, Steve Mason is pulled from the net.
18:35 of 3rd period - Minor Penalty to Travis Zajac for Hooking.
18:36 of 3rd period - Jeff Carter wins face-off versus Maxim Lapierre in Blues zone.
18:42 of 3rd period - Snap shot by Drew Miller.
18:42 of 3rd period - Shot Misses the Net.
18:44 of 3rd period - Wrist shot by Jakub Voracek.
18:44 of 3rd period - Stopped by Carey Price with a rebound.
18:48 of 3rd period - Snap shot by Drew Miller.
18:48 of 3rd period - Shot Misses the Net.
18:50 of 3rd period - Snap shot by Oliver Ekman-Larsson.
18:50 of 3rd period - Stopped by Carey Price with a rebound.
18:52 of 3rd period - Snap shot by Drew Miller.
18:52 of 3rd period - Stopped by Carey Price with a rebound.
19:22 of 3rd period - Snap shot by Alex Pietrangelo.
19:22 of 3rd period - Deflect By Drew Miller.
19:22 of 3rd period - Goal by Alex Pietrangelo - Blues : 5 - Flyers : 3.
19:22 of 3rd period - Steve Mason from Flyers was sent back in the game.
19:23 of 3rd period - Maxim Lapierre wins face-off versus Jeff Carter in neutral zone.
Goals for this period are 2 for Blues vs 0 for Flyers.
Shots for this period are 14 for Blues vs 6 for Flyers.
Back to the Top